Cogmind - Beta 15 @@@ ROGUE MODE // 2025.05.16 @ 14:30:11 Player: Cholfo Result: Destroyed by Y-54 Guardian with Gatling Laser Performance ------------- Evolutions (0) 0 Regions Visited (3) 600 Robots Destroyed (26) 130 Value Destroyed (486) 486 Prototype IDs (2) 40 Alien Tech Used (0) 0 Bonus (0) 0 TOTAL SCORE: 1256 Bonus ------- None Cogmind --------- Core Integrity 0/250 Matter 295/300 Energy 119/250 System Corruption 0% Temperature Cool (12) Movement Rolling (105) Ox1 Location -7/Recycling Parts ------- > --- POWER (1) -------- Ion Engine > --- PROPULSION (2) --- Armored Wheel Armored Wheel > --- UTILITY (2) ------ High-capacity Storage Unit > --- WEAPON (2) ------- Makeshift Spear > --- INVENTORY (20) --- Ion Engine Light Treads Light Treads Light Treads Wheel Wheel Subdweller Optics Improved Signal Interpreter Improved Terrain Scanner Propulsion Shielding Scrap Shield Makeshift System Restoration Module Small Laser Subdweller Beam Cannon Subdweller Machine Gun Rocket Launcher Rocket Launcher Mining Claw Peak State ------------ > --- POWER ------------ Nuclear Core > --- PROPULSION ------- Armored Wheel Armored Wheel > --- UTILITY ---------- High-capacity Storage Unit Seismic Detector > --- WEAPON ----------- EM Shotgun Makeshift Spear > --- INVENTORY -------- Ion Engine Ion Engine Light Treads Light Treads Light Treads Light Treads Wheel Wheel Subdweller Optics Improved Terrain Scanner Propulsion Shielding Scrap Shield Makeshift System Restoration Module Small Laser Subdweller Beam Cannon Subdweller Machine Gun Rocket Launcher Rocket Launcher Mining Claw [Rating: 18] Favorites ----------- Power Ion Engine Engine Ion Engine Power Core Nuclear Core Propulsion Wheel Wheel Wheel Utility High-capacity Storage Unit Device Seismic Detector Storage High-capacity Storage Unit Protection Light Armor Plating Weapon Makeshift Spear Energy Gun Small Laser Ballistic Gun Assault Rifle Launcher Rocket Launcher Slashing Weapon Mining Claw Piercing Weapon Makeshift Spear Build | -11 -10 -10 -7 ------- Run | Yrd Mat Sub Rec Slots Evolved . | . . . . Power . | . . . . Propulsion . | . . . . Utility . | . . . . Weapon . | . . . . Parts Attached 28 | 9 6 8 5 Power 5 | 1 1 1 2 Engine 4 | 1 1 1 1 Core 1 | . . . 1 Reactor . | . . . . Propulsion 8 | 3 . 3 2 Treads . | . . . . Leg . | . . . . Wheel 8 | 3 . 3 2 Hover . | . . . . Flight . | . . . . Utility 7 | 3 2 2 . Device 2 | 2 . . . Storage 3 | 1 2 . . Processor . | . . . . Hackware . | . . . . Protection 2 | . . 2 . Artifact . | . . . . Weapon 8 | 2 3 2 1 Energy Gun 4 | 2 1 . 1 Energy Cannon . | . . . . Ballistic Gun 1 | . 1 . . Ballistic Cannon . | . . . . Launcher 1 | . . 1 . Special Weapon . | . . . . Impact Weapon . | . . . . Slashing Weapon 1 | . 1 . . Piercing Weapon 1 | . . 1 . Special Melee Weapon . | . . . . Unidentified Prototypes . | . . . . Parts Lost 11 | . 1 7 3 Power 2 | . . 1 1 Propulsion 3 | . . 3 . Utility 2 | . . 1 1 Weapon 4 | . 1 2 1 Highest Loss Streak 5 | . 1 5 3 To Critical Strikes . | . . . . Average Backups 13 | 3 12 14 17 Power 1 | . 1 1 1 Propulsion 4 | 2 5 5 4 Utility 3 | . 1 3 5 Weapon 3 | . 2 4 5 Tool/Special . | . . . . Unused Backups 10 | . 1 . 9 Power . | . . . . Propulsion 5 | . 1 . 4 Utility 3 | . . . 3 Weapon 2 | . . . 2 Tool/Special . | . . . . Average Slot Usage (%) 99 | . 99 98 99 Engine 12 | . 14 14 7 Core 1 | . . . 7 Wheel 27 | . 27 26 28 Device 7 | . 14 2 10 Storage 14 | . 14 14 14 Protection 6 | . . 11 3 Energy Gun 12 | . 24 2 13 Ballistic Gun 1 | . 1 1 . Launcher 4 | . . 10 . Piercing Weapon 9 | . . 12 14 Peak Build Rating 18 | 9 8 13 18 Average Rating 11 | 6 7 12 15 On Entrance 7 | . 8 8 12 Naked Turns . | . . . . Heaviest Build 54 | 13 50 54 53 Greatest Support 26 | 26 20 20 24 Greatest Overweight (x) 5 | . 2 5 2 Average Overweight (x) 1 | . . 2 2 Largest Inventory Capacity 20 | 8 20 20 20 Average Capacity 17 | 7 14 20 20 Most Carried 20 | 8 15 17 20 Average Carried 14 | 3 12 14 18 Final Capacity 20 | 8 20 20 20 Final Carried 19 | 8 14 16 19 Class Distribution -------------------- 100% | Mutant Dominant Class ---------------- Mutant | -10/Materials Mutant | -10/Subcaves Mutant | -7/Recycling Resources | -11 -10 -10 -7 ----------- Run | Yrd Mat Sub Rec Matter Collected 672 | 290 83 155 144 Remotely . | . . . . Salvage Created 674 | 157 355 162 . Parts 53 | 11 27 15 . Haulers Intercepted 1 | . 1 . . Recyclers Shooed . | . . . . Parts Field Recycled . | . . . . Retrieved Matter . | . . . . Parts Self-Destructed 15 | . . 15 . Prevented . | . . . . Kills | -11 -10 -10 -7 ------- Run | Yrd Mat Sub Rec Combat Hostiles Destroyed 19 | . 10 9 . Melee 2 | . . 2 . Guns 12 | . 10 2 . AOE 5 | . . 5 . Classes Destroyed 9 | 2 4 3 . Tunneler 3 | 3 . . . Hauler 1 | . 1 . . Recycler 1 | 1 . . . Operator 1 | . 1 . . Turret 1 | . . 1 . Swarmer 11 | . 6 5 . Grunt 4 | . 4 . . Sentry 1 | . . 1 . Subdweller 3 | . . 3 . Best Kill Streak 6 | 1 3 6 . Combat Bots Only 5 | . 3 5 . Max Kills in Single Turn 2 | 1 2 2 . Gunslinging . | . . . . Exploded 2 | . . 2 . Melee 1 | . . 1 . Uniques/NPCs Destroyed . | . . . . Combat | -11 -10 -10 -7 -------- Run | Yrd Mat Sub Rec Hostile Shots Fired 120 | . 37 53 30 Missed 33 | . 11 11 11 Hits 87 | . 26 42 19 Projectile 87 | . 26 42 19 Critical Strikes 3 | . 1 2 . Damage Taken 1114 | . 241 721 152 Core 250 | . 58 155 37 Absorbed by Shields . | . . . . Core Remaining (%) 100 | 100 . . . Volleys Fired 64 | 14 27 23 . Largest 2 | 2 2 2 . Hottest 80 | 80 80 60 . Shots Fired 113 | 28 51 34 . Gun 102 | 28 51 23 . Cannon . | . . . . Launcher 11 | . . 11 . Special . | . . . . Kinetic 17 | . 6 11 . Thermal 65 | 28 25 12 . Explosive 11 | . . 11 . Electromagnetic 20 | . 20 . . Robot Hit Streak 8 | 3 5 8 . Robot Miss Streak 4 | 2 4 3 . Penetration Max . | . . . . Secondary Targets 1 | . 1 . . Max Gunslinging Chain 1 | . 1 . . Shots Hit Robots 74 | 17 27 29 1 Core Hits 40 | 5 15 19 1 Critical Kills . | . . . . Critical Parts Destroyed . | . . . . Critical Strikes 3 | . 1 2 . Corrupt 1 | . 1 . . Impale 2 | . . 2 . Melee Attacks 40 | . 12 21 7 Impact . | . . . . Slashing 13 | . 12 1 . Piercing 27 | . . 20 7 Sneak Attacks . | . . . . Combat Hostiles . | . . . . Follow-up Attacks . | . . . . Damage Inflicted 1404 | 192 369 816 27 Guns 730 | 192 369 169 . Cannons . | . . . . Explosions 441 | . . 441 . Melee 233 | . . 206 27 Ramming . | . . . . Kinetic 134 | . 50 84 . Thermal 429 | 192 152 85 . Explosive 441 | . . 441 . Electromagnetic 167 | . 167 . . Impact . | . . . . Slashing . | . . . . Piercing 233 | . . 206 27 Highest Corruption . | . . . . Average Corruption . | . . . . Corruption Purged . | . . . . Corruption Blocked . | . . . . Overload Shots . | . . . . Overflow Damage . | . . . . Projectiles . | . . . . Explosions . | . . . . Melee . | . . . . Knockbacks . | . . . . Impact . | . . . . Kinetic . | . . . . Secondary . | . . . . Self-Inflicted Damage 38 | . . 38 . Shots 1 | . . 1 . Rammed . | . . . . Targets Rammed . | . . . . Kicked . | . . . . Crushed . | . . . . Highest Temperature 108 | 90 108 . . Average Temperature 41 | 33 46 . . Received Heat Transfer 261 | . 66 135 60 Siege Activations . | . . . . Martial Activations . | . . . . Shielding Activations . | . . . . Robots Disrupted . | . . . . Combat Hostiles . | . . . . Robots Corrupted . | . . . . Combat Hostiles . | . . . . Parts Fried . | . . . . Impact Corruptions . | . . . . Robots Melted . | . . . . Combat Hostiles . | . . . . Parts Melted 2 | 1 . 1 . Heat Transferred 975 | 425 350 200 . Parts Sabotaged . | . . . . Parts Stolen . | . . . . Parts Stripped . | . . . . Power Chain Reactions . | . . . . Alert | -11 -10 -10 -7 ------- Run | Yrd Mat Sub Rec Maximum Alert Level . | . . . . Low Security (%) 100 | 100 100 . 100 Level 1 . | . . . . Level 2 . | . . . . Level 3 . | . . . . Level 4 . | . . . . Level 5 . | . . . . High Security . | . . . . Max Security . | . . . . Peak Influence 118 | 5 118 . 35 Initial 35 | . . . 35 Average 19 | 1 38 . 3 Influence Increases 544 | 20 330 170 24 Destroy 0b10 Robot/C 340 | . 200 140 . Destroy 0b10 Robot/NC 30 | 20 10 . . Destroy Leader 42 | . 42 . . Successful Hack 40 | . 18 . 22 Destroy Structure 2 | . . . 2 Lose Combat Pursuer 90 | . 60 30 . Influence Decreases 544 | 20 236 190 98 Entered New Map 85 | . . 46 39 Time Decay 410 | 20 226 106 58 Lost Part 49 | . 10 38 1 Squads Dispatched 4 | . 4 . . Investigation 2 | . 2 . . Extermination . | . . . . Reinforcement 2 | . 2 . . Assault . | . . . . Garrison . | . . . . Intercept . | . . . . Searches Triggered . | . . . . Construction Impeded . | . . . . Haulers Reinforced . | . . . . Active Scanning Responses . | . . . . Cargo Convoy Interrupts . | . . . . Stealth | -11 -10 -10 -7 --------- Run | Yrd Mat Sub Rec Distress Signals 2 | . 2 . . Communications Jammed . | . . . . Distress Signals . | . . . . Times Spotted 30 | . 18 11 1 Peak Tracking Total 6 | . 5 6 1 Tactical Retreats 2 | . 1 1 . Traps | -11 -10 -10 -7 ------- Run | Yrd Mat Sub Rec Traps Triggered 4 | . 3 1 . Indirectly . | . . . . Trap Hack Attempts . | . . . . Triggered . | . . . . Disarmed . | . . . . Reprogrammed . | . . . . Reused . | . . . . Traps Extracted . | . . . . Installed . | . . . . Triggered . | . . . . Most Traps Carried 1 | . . 1 . Machines | -11 -10 -10 -7 ---------- Run | Yrd Mat Sub Rec Machines Disabled 3 | . . 3 . Max in Single Turn 2 | . . 2 . Machines Repaired . | . . . . Machines Dismantled . | . . . . Machines Sabotaged . | . . . . Overloaded Fab Kills . | . . . . Hacking | -11 -10 -10 -7 --------- Run | Yrd Mat Sub Rec Machines Accessed 9 | . 4 . 5 Terminals 8 | . 3 . 5 Fabricators . | . . . . Repair Stations . | . . . . Recycling Units 1 | . 1 . . Scanalyzers . | . . . . Garrison Access . | . . . . Total Hacks 18 | . 8 . 10 Successful 10 | . 4 . 6 Failed 8 | . 4 . 4 Catastrophic 1 | . . . 1 Database Lockouts . | . . . . Manual 14 | . 7 . 7 Terminals 17 | . 7 . 10 Fabricators . | . . . . Repair Stations . | . . . . Recycling Units 1 | . 1 . . Scanalyzers . | . . . . Garrison Access . | . . . . Terminal Hacks 2 | . . . 2 Prototype ID Bank 1 | . . . 1 Hauler Manifests 1 | . . . 1 Fabricator Hacks . | . . . . Repair Station Hacks . | . . . . Recycling Unit Hacks 1 | . 1 . . Report Inventory 1 | . 1 . . Scanalyzer . | . . . . Garrison Access Hacks . | . . . . Unauthorized Hacks 7 | . 3 . 4 Terminals 7 | . 3 . 4 Botnet 7 | . 3 . 4 Fabricators . | . . . . Repair Stations . | . . . . Recycling Units . | . . . . Scanalyzers . | . . . . Garrison Access . | . . . . Data Cores Recovered . | . . . . Used . | . . . . Hacking Detections 8 | . 3 . 5 Full Trace Events 1 | . 1 . . Feedback Events . | . . . . Feedback Blocked . | . . . . Robot Schematics Acquired . | . . . . Robots Built . | . . . . Authchips . | . . . . Time . | . . . . Total Robot Build Rating . | . . . . Part Schematics Acquired . | . . . . Parts Built . | . . . . Authchips . | . . . . Time . | . . . . Total Part Build Rating . | . . . . Parts Repaired . | . . . . Time . | . . . . Parts Recycled . | . . . . Recycled Matter . | . . . . Retrieved Matter . | . . . . Retrieved Components . | . . . . Parts Scanalyzed . | . . . . Part Schematics Acquired . | . . . . Parts Damaged . | . . . . Bothacking | -11 -10 -10 -7 ------------ Run | Yrd Mat Sub Rec Used RIF Installer . | . . . . Robots Hacked . | . . . . Non-combat . | . . . . Combat . | . . . . Robot Hacks Applied . | . . . . Relay Couplers Released . | . . . . Fabnet Peak Effective % . | . . . . Robots Rewired . | . . . . Allies Hacked . | . . . . Hacks Repelled . | . . . . Allies | -11 -10 -10 -7 -------- Run | Yrd Mat Sub Rec Total Allies . | . . . . Largest Group . | . . . . Highest-Rated Group . | . . . . Highest-Rated Ally . | . . . . Total Orders . | . . . . Ally Attacks . | . . . . Total Damage . | . . . . Kills . | . . . . Allies Corrupted . | . . . . Allies Melted . | . . . . Intel | -11 -10 -10 -7 ------- Run | Yrd Mat Sub Rec Active Infowar (turns) 1289 | 48 630 144 467 Terrain 34 | 34 . . . Seismic 1255 | 14 630 144 467 Robot Analysis Total . | . . . . Derelict Logs Recovered . | . . . . Drone Launches . | . . . . Drone Recoveries . | . . . . Exploration | -11 -10 -10 -7 ------------- Run | Yrd Mat Sub Rec Turns Passed 2351 | 136 630 998 587 Spaces Moved 1787 | 86 483 740 478 Core 2 | 2 . . . Treads . | . . . . Legs . | . . . . Wheels 1785 | 84 483 740 478 Hover . | . . . . Flight . | . . . . Fastest Speed 50 | 50 80 110 110 Average Speed 106 | 84 93 112 115 Slowest Speed 155 | 100 110 155 120 Overloaded Moves . | . . . . Propulsion Burnouts . | . . . . Robots Hopped . | . . . . Potential Cave-ins . | . . . . Cave-ins Triggered . | . . . . Exploration Rate (%) 54 | 5 78 49 87 Regions Visited 3 Branch Regions 2 Pre-discovered Areas . | . . . . Known Exits Taken . | . . . . Unknown Exits Taken 3 | 1 1 1 . Scrap Searched 4 | . . 4 . Spaces Dug 4 | . . 1 3 Terrain Destroyed 57 | . . 54 3 Melee 4 | . . 1 3 Projectile . | . . . . AOE 53 | . . 53 . Terrain Rammed . | . . . . Walls Destroyed . | . . . . Machines Disabled . | . . . . Actions | -11 -10 -10 -7 --------- Run | Yrd Mat Sub Rec Total 2057 | 117 587 847 506 Wait 97 | . 45 43 9 Move 1784 | 85 482 739 478 Hop . | . . . . Pick Up 29 | 8 8 9 4 Fast Attach 11 | 7 3 . 1 Attach 9 | . 1 7 1 Detach 1 | . . . 1 Swap 15 | 2 5 4 4 Drop 7 | 1 4 1 1 Fire 64 | 14 27 23 . Melee 40 | . 12 21 7 Ram . | . . . . Kick . | . . . . Crush . | . . . . Escape Stasis . | . . . . Rewire . | . . . . Trap . | . . . . Miscellaneous . | . . . . Route ------- -11/Scrapyard -10/Materials (discovered 3 exits: [*Mat] / [*Min] / [*Sub]) -10/Subcaves -7/Recycling (discovered 1 exit: [*Fac]) History --------- Turn | Location | Event 12 | -11/Scrapyard | Discovered new exit (range 15) 137 | -11/Scrapyard | Entered Materials 216 | -10/Materials | Discovered new exit (range 8) 313 | -10/Materials | Build established: Mutant 403 | -10/Materials | Discovered new exit (range 5) 754 | -10/Materials | Discovered new exit (range 2) 767 | -10/Materials | Entered Subcaves 807 | -10/Subcaves | Disturbed a concealed Subdweller 899 | -10/Subcaves | Core integrity fell below 50% 914 | -10/Subcaves | Lost 5 parts (1p2n2w) 1586 | -10/Subcaves | Shifting Twisted Machinery released Scrap Shield 1590 | -10/Subcaves | Shifting Twisted Machinery released Piercing Trap 1642 | -10/Subcaves | Ambushed by Subdweller buried in earth 1645 | -10/Subcaves | Discovered new exit (range 11) 1727 | -10/Subcaves | Core integrity fell below 20% 1765 | -10/Subcaves | Entered Recycling 1766 | -7/Recycling | Met a Zionite searching for Scraptown 2151 | -7/Recycling | Discovered new exit (range 15) 2352 | -7/Recycling | Destroyed by Y-54 Guardian with Gatling Laser Last Messages --------------- Awaiting botnet instructions. 02106_ Acquired 50 matter. 02140_ Dropped Lgt. Treads. 02140_ Acquired Imp. Signal Interpreter. 02151_ EXIT=FOUND 02164_ Connecting with Terminal... >>Trojan(Botnet) Trojan loaded successfully. Testing... Terminal linked with 3 systems. Awaiting botnet instructions. >>Prototypes Downloading prototype IDs... Imp. Airjet Adv. EMP Blaster 02236_ U-05 Engineer builds a Wall. 02342_ Y-54 Guardian springs to life. 02342_ EM Shotgun destroyed. 02345_ Nuclear Core destroyed. 02348_ Seismic Detector destroyed. Map ----- +----------------------------------------------------+ | | | | | | | ?????????????????????????????????????????????????? | | ?????????????????????????????????????????????????? | | ?????????????????????????????????????????????????? | | ?????????????????????????????????????????????????? | | ?????????????????????????????????????????????????? | | ?????????????????????????????????????????????????? | | ?????????????????????????????????????????????????? | | ?????????????????????????????????????????????????? | | ?????????????????????????????????????????????????? | | ?????????????????????????????????????????????????? | | ?????????????????????????????????????????????????? | | ?????????????????????????????????????????????????? | | ?????????????????????????????????????????????????? | | ?????????????????????????????????????????????????? | | ?????????????????????????????????????????????????? | | ?????????????????????????????????????????????????? | | ?????????????????????????????????????????????????? | | ????????????????????????#####????????????????????? | | ?????????????????######?#! !#????????????????????? | | ?????????????????# ##!!!######???????????????? | | ???????????????### " #???????????????? | | ??????????r "T #???????????????? | | ?????????????????# @ #???????????????? | | ?????????????????# #Y##r#######??????????????? | | ?????????????????#####?### #??????????????? | | ?????????????????????????# ! #??????????????? | | ?????????????????????????# #??????????????? | | ?#??##############???????# = #??????????????? | | # #???????# ! #??????????????? | | ? """ """ """ #???????# / #??????????????? | | #? """ """ """ #########! %!#??????????????? | | # """ """ """ ## + #??????????????? | | # ## ### ## !#??????????????? | | #########+###+##### #?#############??????????????? | | #????????????????????????????? | | ########+###############??????????????? | | #?# #??????????????? | | ######## #?# #???????????????? | | ######## #?# #???????????????? | | # ### #???????????????? | | # =# #???????????????? | | # ==# #???????????????? | | # ==##########+##########???????????????? | | # ########## #??????????????????????? | | # #??????????????????????? | | + #??????????????????????? | | # #??????????????????????? | +----------------------------------------------------+ Best States ------------- Heat Dissipation 25 Energy Generation 14 Energy Capacity 250 Matter Stores 300 Matter Capacity 300 Sight Range 16 Terrain Scan Range 16 Terrain Scan Density 10 Armor Coverage 150 Propulsion Shielding 33 Evasion (%) 44 Item Schematics ----------------- None Robot Schematics ------------------ None Fabricated ------------ Nothing Repaired ---------- Nothing Alien Tech Used ----------------- None Achievements -------------- None Challenges ------------ None Game ------ Seed SubdwellerColdFemtoactuators Manual? 0 Play Time 00:25:40 Cumulative 15.0 hours Start 2025.05.16 @ 14:03:42 End 2025.05.16 @ 14:30:11 Sessions 1 Manual Loads 0 Difficulty Rogue Special Mode None Game No. 18 Rogue 18 Adventurer 0 Explorer 0 Win Type - Total 0 Types 0/0/0/0/0/0/0/0/0/0 Lore% 21 Gallery% 21 Achievement% 19 Wizard Run 0 Options --------- Layout 1 ASCII 1 Keyboard 1 Movement Vi Keybinds 0 Fullscreen 2 Font 32/SmallcapsGlow Map View 50x35 Zoom Use 0% Tactical HUD 1 Map Filters NONE Filters NONE Steam 1 RUN: fe6e95a4-4f3c-4762-a9a0-68084a82dc71